 Dungeon Crawl Stone Soup version 0.15.0-18-g9076a4f (webtiles) character file.

5299 Kashira the Transmogrifier (level 10, -5/85 HPs)
             Began as a Naga Transmuter on Sept 7, 2014.
             Slain by a five-headed hydra (13 damage)
             ... on Level 1 of the Lair of Beasts.
             The game lasted 01:08:12 (12670 turns).

Kashira the Transmogrifier (Naga Transmuter)       Turns: 12670, Time: 01:08:13

HP  -5/85        AC  6     Str 13      XL: 10   Next: 63%
MP  23/23        EV 11     Int 16      God:
Gold 133         SH  0     Dex 12      Spells:  6 memorised,  2 levels left

rFire  . . .     SeeInvis +     b - 74 arrows
rCold  . . .     Clarity  .     e - +0 leather armour (curse)
rNeg   . . .     rCorr    +     (no shield)
rPois  +         rRot     .     (no helmet)
rElec  .         Spirit   .     (no cloak)
SustAb .         Warding  .     a - +0 pair of gloves
rMut   .         Stasis   .     (no barding)
Gourm  .                        r - amulet of resist corrosion
MR     +....                    (no ring)
                                q - cursed ring of loudness

@: very slow, somewhat resistant to hostile enchantments, extremely unstealthy
A: spit poison, stinger 1, see invisible, deformed body, sense surroundings 1,
poison resistance, slowness 2, AC +3
a: Spit Poison


You were on level 1 of the Lair of Beasts.
You were hungry.

You visited 3 branches of the dungeon, and saw 11 of its levels.
You also visited: Ossuary.

You collected 418 gold pieces.
You spent 285 gold pieces at shops.

Inventory:

Hand weapons
 K - a +2 trident of venom
Missiles
 b - 74 arrows (in hand)
 w - 4 throwing nets (quivered)
Armour
 a - a +0 pair of gloves (worn)
 c - a cursed +0 robe
 e - a cursed +0 leather armour (worn)
Magical devices
 n - a wand of frost (17) {unknown}
 p - a wand of confusion (6)
 y - a wand of random effects (14) {unknown}
 C - a wand of lightning (4) {unknown}
 E - a wand of magic darts (20) {unknown}
 F - a wand of draining (6) {unknown}
Comestibles
 l - 3 meat rations
 x - 3 chunks of basilisk flesh
 G - 6 bread rations
 H - 6 beef jerkies
Scrolls
 h - a scroll of fear {unknown}
 i - 2 scrolls of teleportation
 k - 2 scrolls of amnesia
 m - 6 scrolls of remove curse {unknown}
 o - 3 scrolls of magic mapping
 Q - a scroll of enchant weapon {unknown}
Jewellery
 q - a cursed ring of loudness (left hand)
 r - an amulet of resist corrosion (around neck)
Potions
 f - 2 potions of agility
 g - a potion of resistance
 j - 3 potions of brilliance
 t - 2 potions of cancellation
 u - a potion of magic
 v - a potion of confusion
 A - 2 potions of haste
 B - 3 potions of curing
 D - 2 potions of heal wounds
 I - a potion of might {unknown}
 M - a potion of berserk rage
 N - a potion of poison
 O - a potion of lignification
 P - a potion of flight {unknown}
Books
 d - a book of Changes

   Spells                             Type                      Level
   *Beastly Appendage                 Transmutation                1
   *Sticks to Snakes                  Transmutation                2
   *Spider Form                       Transmutation/Poison         3
   Ice Form                           Ice/Transmutation            4
   *Blade Hands                       Transmutation                5
 s - a book of Beasts

   Spells                             Type                      Level
   Summon Butterflies                 Summoning                    1
   Call Canine Familiar               Summoning                    3
   Summon Ice Beast                   Ice/Summoning                4
   Summon Mana Viper                  Hexes/Summoning              5
   Monstrous Menagerie                Summoning                    6
   Summon Hydra                       Summoning                    7
 z - a book of Hinderance

   Spells                             Type                      Level
   Confusing Touch                    Hexes                        2
   Confuse                            Hexes                        3
   *Petrify                           Transmutation/Earth          4
   Leda's Liquefaction                Hexes/Earth                  4
   Metabolic Englaciation             Hexes/Ice                    5
   Summon Mana Viper                  Hexes/Summoning              5
 J - a book of the Earth

   Spells                             Type                      Level
   Leda's Liquefaction                Hexes/Earth                  4
   Bolt of Magma                      Conjuration/Fire/Earth       5
   Statue Form                        Transmutation/Earth          6
   Iron Shot                          Conjuration/Earth            6
   Shatter                            Earth                        9
 L - a book of Clouds

   Spells                             Type                      Level
   *Mephitic Cloud                    Conjuration/Poison/Air       3
   Conjure Flame                      Conjuration/Fire             3
   Poisonous Cloud                    Conjuration/Poison/Air       6
   Freezing Cloud                     Conjuration/Ice/Air          6
   Ring of Flames                     Charms/Fire                  7


   Skills:
 + Level 3.7 Fighting
 + Level 2.5 Armour
 + Level 4.7 Dodging
 + Level 4.3 Unarmed Combat
 + Level 5.6 Spellcasting
 + Level 11.7 Transmutations
 + Level 2.0 Poison Magic


You had 2 spell levels left.
You knew the following spells:

 Your Spells              Type           Power        Failure   Level  Hunger
a - Beastly Appendage     Trmt           #####.       1%          1    None
b - Spider Form           Trmt/Pois      ####......   2%          3    ###....
c - Blade Hands           Trmt           #####.....   3%          5    #####..
d - Sticks to Snakes      Trmt           #####.....   1%          2    #......
e - Petrify               Trmt/Erth      ###.....     14%         4    ####...
f - Mephitic Cloud        Conj/Pois/Air  #.......     34%         3    ###....


Dungeon Overview and Level Annotations

Branches:
Dungeon (9/15)             Temple (1/1) D:5            Lair (1/8) D:9
    Orc: D:9-12

Altars:
Ashenzari
Dithmenos
Elyvilon
Fedhas
Kikubaaqudgha
Makhleb
Nemelex Xobeh
Okawaru
Qazlal
Sif Muna
Trog
Vehumet
Xom
Zin
The Shining One

Shops:
D:9 !

Annotations:
D:7 Wintastic's ghost, experienced TrBe


Innate Abilities, Weirdness & Mutations

You cannot wear boots.
You can spit poison.
Your serpentine skin is tough (AC +3).
You have supernaturally acute eyesight.
Armour fits poorly on your strangely shaped body.
Your system is resistant to poisons.
You cover ground very slowly.
Your tail ends in a poisonous barb.
You passively map a small area around you.


Message History

Zapping:
p - a wand of confusion {zapped: 3}
Press: ? - help, Shift-Dir - straight line, f/p - five-headed hydra
Aim: a five-headed hydra The five-headed hydra resists with almost no effort.
The five-headed hydra bites you. x2
The five-headed hydra bites you but does no damage.
The five-headed hydra bites you. x2
Evoke which item? (* to show all) (? for menu, Esc to quit)
Zapping:
p - a wand of confusion {zapped: 4}
Press: ? - help, Shift-Dir - straight line, f/p - five-headed hydra
Aim: a five-headed hydra The five-headed hydra resists with almost no effort.
The five-headed hydra bites you but does no damage.
The five-headed hydra bites you!
* * * LOW HITPOINT WARNING * * *
The five-headed hydra barely misses you.
The five-headed hydra bites you!
* * * LOW HITPOINT WARNING * * *
The five-headed hydra bites you!
You die...

#................##. ##* ###
#...................
.#.#####.#####...................
.................................
....................##.#####.....
.....#######.#......#.... , ...$
.....'.......#......#...... ...
)....#.......#......#......# ,
.....#.......#..@...#$......,
.............#.D....#......P
.............'......#......
.....####..###%....[##.P
.....>...... ..........,
.##.##P###)....####..# , * #*##
##.... ,.. *#...#. , , , * *
....##+*


You could see a five-headed hydra.

Vanquished Creatures
  A troll (D:9)
  2 polar bears (D:8)
  A basilisk (Lair:1)
  A hungry ghost (D:7)
  2 hippogriffs
  A wolf (D:8)
  Edmund (D:4)
  3 ice beasts
  2 phantoms
  3 orc warriors
  2 centaurs (D:9)
  A sky beast (D:6)
  3 ogres
  A crocodile (Lair:1)
  A komodo dragon skeleton (D:5)
  A big kobold (D:8)
  2 giant frogs
  A gnoll sergeant (D:6)
  2 scorpions
  6 crimson imps
  7 centaur zombies (Ossuary)
  A giant frog zombie (D:6)
  4 orc priests
  8 hounds
  5 orc wizards
  A jelly (D:5)
  5 iguanas
  A giant frog skeleton (D:4)
  8 worker ants
  Ijyb (D:4)
  3 big kobold zombies (Ossuary)
  A soldier ant simulacrum (D:8)
  Terence (D:3)
  5 mummies (Ossuary)
  2 worker ant zombies (D:6)
  A crocodile simulacrum (D:8)
  7 gnolls
  3 shadow imps
  5 white imps (D:8)
  14 adders
  2 giant mites
  3 worms
  An ufetubus (D:7)
  An iguana skeleton (D:7)
  An adder skeleton (D:4)
  4 giant geckos
  25 orcs
  A ball python (D:3)
  13 bats
  7 giant cockroaches
  11 hobgoblins
  23 jackals
  3 quokkas
  5 giant newts
  3 giant spores
  14 goblins
  3 hobgoblin zombies
  A jackal skeleton (D:4)
  13 kobolds
  16 rats
  5 ballistomycetes
  A fungus (D:9)
276 creatures vanquished.

Vanquished Creatures (collateral kills)
  A phantom (D:9)
  Blork the orc (D:9)
  A cyclops skeleton (D:9)
  3 orc priests (D:9)
  A worker ant (D:9)
  A hound zombie (D:9)
  An orc (D:9)
  A hobgoblin (D:9)
10 creatures vanquished.

Vanquished Creatures (others)
  2 kobolds (D:8)
  A giant spore (D:6)
3 creatures vanquished.

Grand Total: 289 creatures vanquished

Notes
Turn   | Place    | Note
--------------------------------------------------------------
     0 | D:1      | Kashira, the Naga Transmuter, began the quest for the Orb.
     0 | D:1      | Reached XP level 1. HP: 18/18 MP: 3/3
   192 | D:1      | Reached XP level 2. HP: 25/25 MP: 2/4
   235 | D:1      | Reached XP level 3. HP: 12/31 MP: 4/6
   240 | D:1      | Learned a level 3 spell: Spider Form
  1126 | D:2      | Reached skill level 4 in Transmutations
  1126 | D:2      | Reached XP level 4. HP: 29/38 MP: 3/7
  1529 | D:2      | Found a burning altar of Makhleb.
  1567 | D:2      | Found a glowing silver altar of Zin.
  1567 | D:2      | Noticed an angel
  1568 | D:2      | Noticed a blizzard demon
  1804 | D:3      | Reached XP level 5. HP: 40/44 MP: 1/9
  2271 | D:3      | Reached skill level 1 in Poison Magic
  2380 | D:3      | Found an iron altar of Okawaru.
  2500 | D:3      | Noticed Terence
  2502 | D:3      | Reached skill level 5 in Transmutations
  2508 | D:3      | Killed Terence
  2607 | D:3      | Found a white marble altar of Elyvilon.
  2640 | D:3      | HP: 2/44 [orc/trident (2)]
  3104 | D:4      | Found a shadowy altar of Dithmenos.
  3116 | D:4      | Found a radiant altar of Vehumet.
  3256 | D:4      | Reached XP level 6. HP: 37/51 MP: 7/10
  3259 | D:4      | Reached skill level 6 in Transmutations
  3498 | D:4      | Learned a level 5 spell: Blade Hands
  3559 | D:4      | Reached skill level 7 in Transmutations
  3559 | D:4      | Reached XP level 7. HP: 57/57 MP: 10/12
  3875 | D:4      | Found a shimmering altar of Xom.
  3881 | D:4      | Noticed Edmund
  3894 | D:4      | Killed Edmund
  4060 | D:4      | Noticed Ijyb
  4070 | D:4      | Killed Ijyb
  4070 | D:4      | Reached skill level 8 in Transmutations
  4238 | D:4      | Found an ancient bone altar of Kikubaaqudgha.
  4240 | D:4      | Found a blossoming altar of Fedhas.
  4467 | D:5      | Entered Level 5 of the Dungeon
  4796 | D:5      | Found a sand-covered staircase.
  4802 | Ossuary  | Entered an ossuary
  4809 | Ossuary  | Reached XP level 8. HP: 55/64 MP: 8/13
  4906 | Ossuary  | Reached skill level 9 in Transmutations
  5558 | Ossuary  | Gained mutation: You passively map a small area around you. [potion of mutation]
  5558 | Ossuary  | Gained mutation: Your tail ends in a poisonous barb. [potion of mutation]
  5700 | D:5      | Reached skill level 10 in Transmutations
  5811 | D:5      | Found a staircase to the Ecumenical Temple.
  6223 | D:6      | Reached skill level 1 in Armour
  6234 | D:6      | Reached XP level 9. HP: 50/70 MP: 10/14
  6622 | Temple   | Entered the Ecumenical Temple
  7785 | D:7      | Noticed Wintastic's ghost (experienced TrBe)
  7878 | D:6      | Reached skill level 11 in Transmutations
  8229 | D:7      | Found an iron altar of Okawaru.
 10230 | D:8      | Reached XP level 10. HP: 37/81 MP: 16/21
 11019 | D:9      | Learned a level 2 spell: Sticks to Snakes
 11062 | D:9      | Learned a level 4 spell: Petrify
 11073 | D:9      | Noticed Blork the orc
 11085 | D:9      | Killed Blork the orc
 11139 | D:9      | Found a shattered altar of Ashenzari.
 11304 | D:9      | Reached skill level 5 in Spellcasting
 11336 | D:9      | Found a staircase to the Lair.
 11572 | D:9      | Found Seoshrice's Distillery.
 11591 | D:9      | Bought a potion of berserk rage for 45 gold pieces
 11591 | D:9      | Bought a potion of curing for 30 gold pieces
 11591 | D:9      | Bought 2 potions of heal wounds for 90 gold pieces
 11591 | D:9      | Bought a potion of curing for 30 gold pieces
 11591 | D:9      | Bought a potion of poison for 15 gold pieces
 11591 | D:9      | Bought a potion of lignification for 30 gold pieces
 11591 | D:9      | Bought a potion of heal wounds for 45 gold pieces
 12279 | D:9      | Learned a level 3 spell: Mephitic Cloud
 12363 | Lair:1   | Entered Level 1 of the Lair of Beasts
 12644 | Lair:1   | Noticed a five-headed hydra
 12670 | Lair:1   | Slain by a five-headed hydra

Action                   |  1- 3 |  4- 6 |  7- 9 | 10-12 || total
-------------------------+-------+-------+-------+-------++-------
Melee: Unarmed           |    43 |   151 |   475 |   101 ||   770
 Cast: Beastly Appendage |     8 |    11 |     2 |       ||    21
       Spider Form       |     4 |    18 |    29 |    10 ||    61
       Blade Hands       |       |       |    49 |    17 ||    66
       Sticks to Snakes  |       |       |       |    11 ||    11
       Petrify           |       |       |       |     1 ||     1
 Abil: Spit Poison       |    21 |    52 |    79 |    29 ||   181
Evoke: Wand              |       |       |       |     3 ||     3
  Use: Potion            |       |     1 |     3 |     4 ||     8
       Scroll            |       |       |    16 |     2 ||    18
 Stab: Held in net/web   |       |       |     2 |       ||     2
       Distracted        |       |       |       |     1 ||     1
  Eat: Chunk             |     3 |    12 |    20 |     9 ||    44
       Pizza             |       |     1 |     1 |       ||     2
       Bread ration      |       |       |     4 |       ||     4
       Meat ration       |       |       |     1 |     1 ||     2
       Royal jelly       |       |       |     1 |       ||     1
       Beef jerky        |       |       |     1 |       ||     1
